 Dungeon Crawl Stone Soup version 0.28.0-53-g5a82cb258f (webtiles) character file.

Game seed: 6127472839448052195

74 Legadrian the Skirmisher (level 4, -3/39 HPs)
             Began as a Human Fighter on June 22, 2022.
             Killed by divine providence
             ... invoked by an orc priest
              (15 damage)
             ... on level 3 of the Dungeon.
             The game lasted 00:11:36 (2830 turns).

Legadrian the Skirmisher (Human Fighter)            Turns: 2830, Time: 00:11:37

Health: -3/39      AC: 10    Str: 18 (19) XL:     4   Next: 54%
Magic:  4/4        EV:  9    Int:  7 (8)  God:
Gold:   87         SH:  4    Dex: 12      Spells: 3/3 levels left

rFire   . . .      SeeInvis .   i - +0 spear
rCold   . . .      Faith    .   b - +0 buckler
rNeg    . . .      Spirit   .   a - +0 scale mail
rPois   .          Reflect  .   (no helmet)
rElec   .          Harm     .   (no cloak)
rCorr   .          Rampage  .   (no gloves)
Will    .....                   (no boots)
Stlth   ..........              (no amulet)
HPRegen 0.13/turn               o - +4 ring of protection
MPRegen 0.09/turn               (no ring)

@: no status effects
A: no striking features
a: no special abilities


You were on level 3 of the Dungeon.
You visited 1 branch of the dungeon, and saw 3 of its levels.

You collected 87 gold pieces.

Inventory:

Hand Weapons
 f - a +0 short sword
 i - a +0 spear (weapon)
 j - a +0 whip
 k - a +0 hand axe
Missiles
 h - 5 boomerangs (quivered)
 l - 42 stones
 n - 44 sling bullets
 p - 22 arrows
Armour
 a - a +0 scale mail (worn)
 b - a +0 buckler (worn)
Magical Staves
 g - a staff of cold
Jewellery
 o - a +4 ring of protection (left hand)
Scrolls
 m - 3 scrolls of teleportation
Potions
 c - a potion of might
 d - a potion of degeneration
 e - a potion of heal wounds


   Skills:
 + Level 5.0 Fighting
 - Level 3.0 Armour
 - Level 3.0 Shields
 - Level 2.0 Unarmed Combat


You had 3 spell levels left.
You didn't know any spells.
Your spell library was empty.

Dungeon Overview and Level Annotations

Branches:
Dungeon (3/15)

Altars:

Shops:
D:1 [   D:2 [


Message History

The orc priest begins to cast a cantrip, but forgets the words!
The orc priest begins to cast a cantrip, but forgets the words!
The orc priest barely misses you.
You puncture the orc priest!
The orc priest is heavily wounded.
You block the orc priest's attack.
You hit the orc priest but do no damage.
The orc priest is heavily wounded.
The orc priest closely misses you.
You barely miss the orc priest.
The orc priest is heavily wounded.
The orc priest hits you with a +0 short sword.
You hit the orc priest.
The orc priest is severely wounded.
The orc priest invokes the aid of Beogh against you.
Beogh smites you!
* * * LOW HITPOINT WARNING * * *
You feel much better.
The orc priest mumbles some strange prayers to Beogh against you.
Beogh smites you!
You hit the orc priest but do no damage.
The orc priest is severely wounded.
The orc priest barely misses you.
The orc priest invokes the aid of Beogh against you.
Beogh smites you!
* * * LOW HITPOINT WARNING * * *
You hit the orc priest but do no damage.
The orc priest is severely wounded.
You block the orc priest's attack.
You hit the orc priest.
The orc priest is almost dead.
The orc priest closely misses you.
You hit the orc priest but do no damage.
The orc priest is almost dead.
The orc priest casts a cantrip, but nothing happens.
You hit the orc priest.
The orc priest is almost dead.
The orc priest calls down the wrath of Beogh upon you.
Beogh smites you!
You die...

#.# #. #.# #. #.#
#. #.# #. #.# ##
#.# #.#
############
#.######..)........
#.@o{....##########
##########


You could see an orc priest.

Vanquished Creatures
  An adder (D:2)
  A worm (D:2)
  3 dart slugs
  4 orcs (D:3)
  5 ball pythons
  5 bats
  2 endoplasms
  A giant cockroach (D:1)
  7 goblins
  5 hobgoblins
  2 jackals (D:1)
  4 quokkas
  4 frilled lizards
  5 kobolds
49 creatures vanquished.

Notes
Turn   | Place    | Note
-------+----------+-------------------------------------------
     0 | D:1      | Legadrian the Human Fighter began the quest for the Orb.
     0 | D:1      | Reached XP level 1. HP: 18/18 MP: 1/1
   172 | D:1      | Reached XP level 2. HP: 24/24 MP: 2/2
   755 | D:1      | Reached XP level 3. HP: 30/30 MP: 3/3
   766 | D:1      | Reached skill level 4 in Fighting
   986 | D:1      | Found Luggoasha's Antique Armour Emporium.
  1306 | D:2      | Found Jiarghuef's Armour Boutique.
  1646 | D:2      | Reached XP level 4. HP: 14/38 MP: 4/4
  2110 | D:2      | Found a faded altar of an unknown god.
  2810 | D:3      | Reached skill level 5 in Fighting
  2830 | D:3      | Killed from afar by an orc priest

Illustrated notes

Levels and vault maps discovered:
D:1:      onia_arrival_pentagram, layout_loops_corners, serial_shops,
          nicolae_shop_hallway_plus
D:2:      layout_basic, serial_shops, nicolae_shop_hallway_stairs,
          chequers_ecumenical_altar_lobes
D:3:      layout_loops_ring, minivault_24, st_stairs_9, minmay_mini_jars

Skill      XL: |  1  2  3  4 |
---------------+-------------+-----
Fighting       | 4 5 |  5.0
Armour         | |  3.0
Shields        | |  3.0
Unarmed Combat | |  2.0

Action                   |  1- 3 |  4- 6 || total
-------------------------+-------+-------++-------
Melee: Short sword       |    79 |       ||    79
       Unarmed           |    10 |       ||    10
       Spear             |    62 |    67 ||   129
Throw: Boomerang         |     1 |       ||     1
  Use: Potion            |     3 |     2 ||     5
       Scroll            |     2 |       ||     2
Armor: Scale mail        |    59 |    18 ||    77
Dodge: Dodged            |    75 |    25 ||   100
Block: Buckler           |    23 |    12 ||    35
